 Dungeon Crawl Stone Soup version 0.24-a0-292-g5c6fb1c (webtiles) character file.

Game seed: 17076069156694609825

39911 galech the Slicer (level 13, -8/105 HPs)
             Began as a Demonspawn Fighter on May 10, 2019.
             Was a High Priest of Okawaru.
             Killed from afar by a lindwurm (32 damage)
             ... with a blast of flame
             ... on level 4 of the Lair of Beasts.
             The game lasted 00:29:44 (17519 turns).

galech the Slicer (Demonspawn Fighter)             Turns: 17519, Time: 00:29:45

Health: -8/105     AC: 37    Str: 23    XL:     13   Next: 71%
Magic:  0/15       EV: 13    Int:  9    God:    Okawaru [*****.]
Gold:   1106       SH:  7    Dex: 17    Spells: 12/12 levels left

rFire    . . .     SeeInvis .   D - +8 arc blade {discharge, rElec}
rCold    . . .     Gourm    +   O - +0 buckler "Koenn" {Str+2}
rNeg     . . .     Faith    .   X - +13 crystal plate armour of Lucidity {-Tele rPois Str+3}
rPois    +         Spirit   +   E - +1 hat {MR+}
rElec    +         Reflect  .   s - +2 cloak
rCorr    .         Harm     .   (no gloves)
MR       +....     NoTele   +   (no boots)
Stlth    ..........             p - amulet of the gourmand
HPRegen  0.27/turn              a - +3 ring of evasion
MPRegen  0.28/turn              m - +1 ring of slaying

@: no status effects
A: claws 2, repulsion field 2, magic shield, magic regeneration, rot immunity
a: Heroism, Finesse, Renounce Religion


You were on level 4 of the Lair of Beasts.
You worshipped Okawaru.
Okawaru was extremely pleased with you.
You were completely stuffed.

You visited 3 branches of the dungeon, and saw 16 of its levels.

You collected 1106 gold pieces.

Inventory:

Hand Weapons
 w - a +1 whip of flaming
 D - the +8 arc blade (weapon) {discharge, rElec}
   (You found it on level 6 of the Dungeon)

   It insulates you from electricity.
 G - a +3 war axe
 Y - the +4 scimitar "Lacar" {freeze, rElec rPois rF- Int+4}
   (You found it on level 4 of the Lair of Beasts)

   It has been specially enchanted to freeze those struck by it, causing extra
   injury to most foes and up to half again as much damage against particularly
   susceptible opponents.
   It can also slow down cold-blooded creatures.
   It affects your intelligence (+4).
   It makes you vulnerable to fire.
   It insulates you from electricity.
   It protects you from poison.
Armour
 c - a +0 shield
 s - a +2 cloak (worn)
 u - a +2 leather armour of cold resistance
 E - a +1 hat of magic resistance (worn)
 H - a +1 chain mail of magic resistance
 M - the +2 leather armour of Kaloasky {MR- Str+8 Int-2 SInv}
   (You found it on level 8 of the Dungeon)

   It affects your strength (+8).
   It affects your intelligence (-2).
   It affects your resistance to hostile enchantments.
   It lets you see invisible.
 O - the +0 buckler "Koenn" (worn) {Str+2}
   (Okawaru gifted it to you on level 11 of the Dungeon)

   It affects your strength (+2).
 S - a scarf of repulsion
 U - +0 fire dragon scales
 X - the +13 crystal plate armour of Lucidity (worn) {-Tele rPois Str+3}
   (Okawaru gifted it to you on level 2 of the Lair of Beasts)

   It affects your strength (+3).
   It protects you from poison.
   It prevents most forms of teleportation.
Jewellery
 a - a +3 ring of evasion (left claw)
 j - an uncursed ring of protection from fire
 m - a +1 ring of slaying (right claw)
 o - an uncursed ring of ice
 p - an amulet of the gourmand (around neck)
 C - an uncursed ring of protection from magic
Wands
 t - a wand of iceblast (15)
 J - a wand of flame (33)
 K - a wand of polymorph (25)
 Q - a wand of acid (6)
Scrolls
 e - 4 scrolls of enchant armour
 g - 10 scrolls of remove curse
 i - 6 scrolls of magic mapping
 l - 5 scrolls of fog
 n - 5 scrolls of enchant weapon
 r - 10 scrolls of teleportation
 y - a scroll of noise {unknown}
 z - 4 scrolls of blinking
 N - 2 scrolls of vulnerability
 R - a scroll of fear {unknown}
 V - 2 scrolls of immolation {unknown}
Potions
 b - 2 potions of mutation
 d - 2 potions of might
 h - 2 potions of lignification
 k - a potion of heal wounds
 q - 3 potions of degeneration {unknown}
 v - 3 potions of cancellation {unknown}
 x - 4 potions of haste
 A - 2 potions of invisibility {unknown}
 B - 5 potions of curing
 F - 4 potions of flight {unknown}
 I - 5 potions of agility
 L - a potion of magic {unknown}
 T - a potion of berserk rage {unknown}
 W - a potion of brilliance {unknown}
Comestibles
 f - 25 rations
 Z - a chunk of flesh


   Skills:
 + Level 10.8 Fighting
 + Level 11.7 Short Blades
 + Level 7.8 Axes
 + Level 10.0 Armour
 + Level 5.2 Dodging
 + Level 2.4 Stealth
 + Level 9.0 Shields
 + Level 3.5 Invocations


You had 12 spell levels left.
You didn't know any spells.
Your spell library contained the following spells:

 Spells                   Type           Power        Failure   Level  Hunger
 Animate Skeleton         Necr           N/A          100%        1    ##.....
 Apportation              Tloc           #.....       100%        1    ##.....
 Confusing Touch          Hex            #.....       100%        1    ##.....
 Flame Tongue             Conj/Fire      #....        100%        1    ##.....
 Freeze                   Ice            #...         100%        1    ##.....
 Summon Small Mammal      Summ           #...         100%        1    ##.....
 Throw Flame              Conj/Fire      #.....       100%        2    ###....
 Throw Frost              Conj/Ice       #.....       100%        2    ###....
 Conjure Flame            Conj/Fire      #.......     100%        3    ####...
 Inner Flame              Hex/Fire       #.......     100%        3    ####...
 Ozocubu's Armour         Chrm/Ice       #.......     100%        3    ####...
 Sticky Flame             Conj/Fire      #.......     100%        4    #####..
 Summon Ice Beast         Ice/Summ       #.......     100%        4    #####..
 Summon Lightning Spire   Summ/Air       #.......     100%        4    #####..
 Throw Icicle             Conj/Ice       #.......     100%        4    #####..
 Fireball                 Conj/Fire      #.........   100%        5    ######.
 Irradiate                Conj/Tmut      #.........   100%        5    ######.
 Silence                  Hex/Air        #.........   100%        5    ######.
 Conjure Ball Lightning   Conj/Air       #.........   100%        6    #######
 Deflect Missiles         Chrm/Air       #.........   100%        6    #######
 Hydra Form               Tmut           #.........   100%        6    #######
 Statue Form              Tmut/Erth      #........    100%        6    #######
 Dragon Form              Tmut           #.........   100%        7    #######
 Tornado                  Air            #.........   100%        9    #######


Dungeon Overview and Level Annotations

Branches:
Dungeon (11/15)            Temple (1/1) D:5            Lair (4/6) D:10
  Swamp (0/4) Lair:3        Snake (0/4) Lair:3
    Orc: D:9-12

Altars:
Ashenzari
Cheibriados
Dithmenos
Elyvilon
Fedhas
Gozag
Hepliaklqana
Kikubaaqudgha
Makhleb
Nemelex Xobeh
Okawaru
Qazlal
Ru
Sif Muna
Trog
Uskayaw
Vehumet
Wu Jian
Xom
Yredelemnul
Zin
The Shining One

Shops:
D:8 *   D:9 (**


Innate Abilities, Weirdness & Mutations

You have very sharp fingernails.
You are surrounded by a moderate repulsion field. (EV +3)
When hurt, damage is shared between your health and your magic reserves.
You regenerate magic rapidly.
You are immune to rotting.


Message History

The lindwurm breathes flames at you. The blast of flame hits you!
You hear a roar!
Why would you want to do that?
A lindwurm comes into view.
Why would you want to do that?
The lindwurm roars!
Why would you want to do that? The lindwurm breathes flames at you.
The blast of flame hits you!!!
You hear a roar!
Why would you want to do that? The lindwurm breathes flames at you.
The blast of flame hits you!! The lindwurm breathes flames at you.
The blast of flame hits you!!
* * * LOW HITPOINT WARNING * * *
The lindwurm breathes flames at you. The blast of flame hits you!!!
You die...

#....§§§≈≈§§§# .#..≈≈≈≈≈.
##....≈§≈§≈≈..####..§§§≈≈≈.
#.<..≈≈≈≈≈≈...##..§≈≈≈≈≈≈.
###....≈≈≈≈≈§kkk.§≈≈§≈≈...
#...≈≈≈≈≈≈≈≈≈≈§§≈≈§≈≈≈..
#.#..≈≈≈§§§≈≈≈§§≈§§§≈...
###....≈≈≈≈≈≈≈§≈≈§§.....
#......≈≈≈§§§≈≈≈§§.....
###...@.≈.§≈§.≈........
####....§§§........##
#####.........###
#P.....#### ###.##.# ######


You could see 3 lindwurms.

Vanquished Creatures
  Gastronok (D:10)
  Erolcha (D:9)
  7 hydras
  3 centaur warriors (D:8)
  3 two-headed ogres
  A queen ant (Lair:2)
  Urug (D:10)
  The ghost of gruber the Archer, a novice CeHu of Okawaru (D:8)
  4 skeletal warriors (D:10)
  Pikel (D:4)
  A wolf spider zombie (D:7)
  A deep elf mage (D:10)
  A cyclops (D:10)
  A manticore (D:11)
  A black mamba (Lair:4)
  2 gargoyles
  2 spiny frogs
  4 komodo dragons
  A kobold demonologist (D:11)
  A rime drake (Lair:2)
  2 trolls
  A blink frog (shapeshifter) (D:8)
  2 bog bodies (Lair:3)
  15 blink frogs
  6 hippogriffs
  A basilisk (Lair:4)
  17 yaks
  A wyvern (Lair:2)
  Eustachio (D:4)
  A hungry ghost (D:10)
  17 soldier ants (Lair:2)
  A swamp worm (Lair:3)
  10 porcupines
  9 water moccasins
  3 ice beasts
  9 orc warriors
  3 sky beasts
  8 ogres
  4 phantoms
  A necrophage (D:10)
  An eye of draining (D:10)
  A black bear (D:7)
  5 centaurs
  11 crocodiles
  3 gnoll sergeants
  Blork the orc (D:5)
  14 bullfrogs
  A wyvern zombie (D:9)
  13 wights
  A killer bee (D:8)
  An electric eel (Lair:3)
  3 howler monkeys (D:9)
  4 crimson imps
  5 hounds
  4 jellies
  2 bullfrog skeletons
  2 orc priests
  Crazy Yiuf (D:4)
  A centaur skeleton (D:4)
  A gnoll shaman (D:10)
  Ijyb (D:4)
  7 iguanas
  17 orc wizards
  35 worker ants
  A killer bee zombie (D:8)
  2 hound zombies (D:8)
  2 hound skeletons (D:8)
  Robin (D:4)
  7 gnolls
  19 adders
  A howler monkey skeleton (D:7)
  2 shadow imps
  An ooze (D:2)
  3 adder skeletons
  3 adder zombies
  6 worms
  An adder simulacrum (D:8)
  4 leopard geckos
  31 orcs
  A ball python (D:7)
  7 bats
  5 giant cockroaches
  10 hobgoblins
  5 jackals
  5 quokkas
  4 frilled lizards
  15 goblins
  2 goblin skeletons (D:7)
  A goblin zombie (D:7)
  2 hobgoblin zombies (D:7)
  A jackal skeleton (D:8)
  8 kobolds
  A kobold zombie (D:7)
  3 orc skeletons (D:7)
  2 quokka skeletons
  A quokka zombie (D:10)
  4 rats
446 creatures vanquished.

Vanquished Creatures (others)
  4 fungi
  5 plants
9 creatures vanquished.

Grand Total: 455 creatures vanquished

Notes
Turn   | Place    | Note
-------+----------+-------------------------------------------
     0 | D:1      | galech the Demonspawn Fighter began the quest for the Orb.
     0 | D:1      | Reached XP level 1. HP: 18/18 MP: 1/1
   446 | D:1      | Gained mutation: You have sharp fingernails. [demonic
                  | ancestry]
   446 | D:1      | Reached XP level 2. HP: 23/24 MP: 2/2
  1103 | D:2      | Reached XP level 3. HP: 27/29 MP: 3/3
  2128 | D:3      | Gained mutation: You are surrounded by a mild repulsion
                  | field. (EV +2) [demonic ancestry]
  2128 | D:3      | Reached XP level 4. HP: 35/35 MP: 4/4
  2887 | D:3      | Gained mutation: You have very sharp fingernails. [demonic
                  | ancestry]
  2887 | D:3      | Reached XP level 5. HP: 40/41 MP: 5/5
  3018 | D:4      | Found a hazy altar of Hepliaklqana.
  3019 | D:4      | Found a stormy altar of Qazlal.
  3036 | D:4      | Noticed Robin
  3047 | D:4      | Killed Robin
  3067 | D:4      | Reached skill level 1 in Dodging
  3364 | D:4      | Gained mutation: When hurt, damage is shared between your
                  | health and your magic reserves. [demonic ancestry]
  3364 | D:4      | Reached XP level 6. HP: 48/48 MP: 6/6
  3426 | D:4      | Reached skill level 5 in Axes
  3714 | D:4      | Found a runed translucent door.
  3715 | D:4      | Noticed Crazy Yiuf
  3731 | D:4      | Noticed Ijyb
  3763 | D:4      | Killed Ijyb
  3999 | D:4      | Noticed Eustachio
  4023 | D:5      | Entered Level 5 of the Dungeon
  4380 | D:4      | Killed Eustachio
  4380 | D:4      | Reached XP level 7. HP: 42/54 MP: 5/7
  4481 | D:4      | Noticed Pikel
  4529 | D:4      | Killed Pikel
  4529 | D:4      | Gained mutation: You regenerate magic rapidly. [demonic
                  | ancestry]
  4529 | D:4      | Reached XP level 8. HP: 29/61 MP: 6/8
  4772 | D:4      | Killed Crazy Yiuf
  4849 | D:5      | Noticed Blork the orc
  4867 | D:5      | Killed Blork the orc
  4880 | D:5      | Got a slimy rapier
  4881 | D:5      | Identified the +6 rapier of Defiance {pierce, +Fly rN+
                  | SInv} (You found it on level 5 of the Dungeon)
  5147 | D:5      | Found a staircase to the Ecumenical Temple.
  5156 | Temple   | Entered the Ecumenical Temple
  5540 | D:5      | Found an iron altar of Okawaru.
  5548 | D:5      | Became a worshipper of Warmaster Okawaru
  5659 | D:5      | Reached skill level 5 in Fighting
  6043 | D:6      | Found the +8 arc blade {discharge, rElec}
  6088 | D:6      | Reached * piety under Okawaru
  6428 | D:7      | Reached skill level 5 in Armour
  6428 | D:7      | Gained mutation: You are immune to rotting. [demonic
                  | ancestry]
  6428 | D:7      | Reached XP level 9. HP: 68/68 MP: 9/9
  6447 | D:7      | Reached skill level 5 in Shields
  6584 | D:7      | Reached skill level 1 in Short Blades
  6749 | D:7      | Found a glowing golden altar of the Shining One.
  6849 | D:7      | Reached skill level 2 in Short Blades
  7081 | D:7      | Reached ** piety under Okawaru
  7130 | D:7      | Reached skill level 3 in Short Blades
  7423 | D:7      | Reached skill level 4 in Short Blades
  7695 | D:7      | Reached XP level 10. HP: 77/77 MP: 10/10
  7902 | D:8      | Found a runed translucent gate.
  7903 | D:8      | Found a runed translucent gate.
  7903 | D:8      | Found a runed translucent gate.
  7910 | D:8      | Noticed gruber's ghost (novice CeHu)
  7990 | D:8      | Found an opulent altar of Gozag.
  7996 | D:8      | Found a white marble altar of Elyvilon.
  7996 | D:8      | Found a bloodstained altar of Trog.
  8121 | D:8      | Found an iron altar of Okawaru.
  8121 | D:8      | Found a radiant altar of Vehumet.
  8165 | D:8      | Noticed a centaur warrior
  8175 | D:8      | Killed a centaur warrior
  8175 | D:8      | Reached *** piety under Okawaru
  8175 | D:8      | Reached skill level 5 in Short Blades
  8194 | D:8      | Got a brightly glowing leather armour
  8205 | D:8      | Identified the +2 leather armour of Kaloasky {MR- Str+8
                  | Int-2 SInv} (You found it on level 8 of the Dungeon)
  8327 | D:8      | Noticed a two-headed ogre
  8334 | D:8      | Killed a two-headed ogre
  8346 | D:8      | Reached skill level 6 in Short Blades
  8500 | D:8      | Noticed a centaur warrior
  8500 | D:8      | Noticed a centaur warrior
  8512 | D:8      | Reached **** piety under Okawaru
  8516 | D:8      | Killed a centaur warrior
  8516 | D:8      | Reached skill level 1 in Stealth
  8525 | D:8      | Killed a centaur warrior
  8525 | D:8      | Reached skill level 7 in Short Blades
  8617 | D:8      | Reached XP level 11. HP: 74/84 MP: 11/11
  8793 | D:8      | Found Coxzirorr's Assorted Antiques.
  9100 | D:8      | Killed gruber's ghost
  9231 | D:9      | Found Odwets's Weapon Shoppe.
  9374 | D:9      | Noticed Erolcha
  9392 | D:9      | Killed Erolcha
  9555 | D:9      | Found Dosoih's Assorted Antiques.
  9622 | D:9      | Reached ***** piety under Okawaru
  9921 | D:9      | Found Zebukhey's Assorted Antiques.
  9961 | D:9      | Noticed a two-headed ogre
  9972 | D:9      | Killed a two-headed ogre
  9972 | D:9      | Received a gift from Okawaru
  9972 | D:9      | Reached skill level 8 in Short Blades
 10090 | D:9      | Found a deep blue altar of Sif Muna.
 10093 | D:9      | Found an ornate altar of the Wu Jian Council.
 10096 | D:9      | Found a sparkling altar of Nemelex Xobeh.
 10242 | D:10     | Entered Level 10 of the Dungeon
 10269 | D:10     | Noticed a skeletal warrior
 10301 | D:10     | Noticed a skeletal warrior
 10303 | D:10     | Noticed Urug
 10311 | D:10     | Noticed a skeletal warrior
 10523 | D:10     | Noticed Gastronok
 10674 | D:10     | Killed Gastronok
 10748 | D:10     | Noticed a skeletal warrior
 10771 | D:10     | Killed a skeletal warrior
 10771 | D:10     | Reached skill level 1 in Invocations
 10783 | D:10     | Killed a skeletal warrior
 10783 | D:10     | Reached skill level 9 in Short Blades
 10794 | D:10     | Killed a skeletal warrior
 10850 | D:10     | Reached XP level 12. HP: 35/93 MP: 8/13
 11404 | D:10     | Noticed a two-headed ogre
 11406 | D:10     | Killed Urug
 11413 | D:10     | Killed a two-headed ogre
 12028 | D:10     | Found a staircase to the Lair.
 12602 | Lair:1   | Entered Level 1 of the Lair of Beasts
 12825 | D:11     | Noticed a four-headed hydra
 12833 | D:11     | Killed a four-headed hydra
 12833 | D:11     | Received a gift from Okawaru
 12833 | D:11     | Reached skill level 10 in Short Blades
 12840 | D:11     | Got a bloodstained buckler {god gift}
 12851 | D:11     | Identified the +0 buckler "Koenn" {Str+2} (Okawaru gifted
                  | it to you on level 11 of the Dungeon)
 12994 | D:11     | Noticed a five-headed hydra
 13004 | D:11     | Killed a five-headed hydra
 13318 | D:11     | Noticed a seven-headed hydra
 13327 | D:11     | Killed a seven-headed hydra
 14923 | Lair:2   | Noticed a seven-headed hydra
 14931 | Lair:2   | Killed a seven-headed hydra
 14931 | Lair:2   | Gained mutation: You are surrounded by a moderate repulsion
                  | field. (EV +3) [demonic ancestry]
 14931 | Lair:2   | Reached XP level 13. HP: 54/103 MP: 7/15
 15343 | Lair:2   | Reached skill level 10 in Fighting
 15344 | Lair:2   | Reached skill level 5 in Dodging
 15399 | Lair:2   | Received a gift from Okawaru
 15435 | Lair:2   | Got a brightly glowing crystal plate armour {god gift}
 15446 | Lair:2   | Identified the +13 crystal plate armour of Lucidity {-Tele
                  | rPois Str+3} (Okawaru gifted it to you on level 2 of the
                  | Lair of Beasts)
 15707 | Lair:2   | Reached skill level 11 in Short Blades
 16275 | Lair:3   | Found a staircase to the Snake Pit.
 16711 | Lair:3   | Found a staircase to the Swamp.
 16957 | Lair:4   | Got a faintly glowing scimitar
 16958 | Lair:4   | Identified the +4 scimitar "Lacar" {freeze, rElec rPois rF-
                  | Int+4} (You found it on level 4 of the Lair of Beasts)
 17396 | Lair:4   | Reached skill level 10 in Armour
 17519 | Lair:4   | Killed from afar by a lindwurm

Levels and vault maps discovered:
D:1:      dpeg_cavernosity, layout_loops_ring
D:2:      layout_loops_corners, grunt_ministairs_11
D:3:      layout_basic, fountainhead, columned_hall_lemuel, chequers_big_river,
          wad_floor_pattern_untrapped
D:4:      layout_cave_pools, gammafunk_temple_overflow_statue, first_ration,
          st_stairs_13, serial_park_tiny_pond, minmay_stone_trees_medium,
          uniq_pikel, uniq_ijyb, uniq_eustachio, uniq_robin,
          uniq_crazy_yiuf_cottage
D:5:      layout_rooms, minmay_temple_entry_antechambers,
          kennysheep_okawaru_gauntlet, uniq_blork_the_orc
D:6:      layout_loops_ring
D:7:      layout_basic, nicolae_tso_besieged_by_evil, interstate_on_off,
          kennysheep_generic_room_8
D:8:      minmay_the_grid_plus_closed [minmay_the_grid_x, minmay_the_grid_eight,
          minmay_the_grid_tiny_cups, minmay_the_grid_slots,
          minmay_the_grid_prize_big_room], layout_loops_cross,
          minmay_overflow_temple_star_hex, serial_shops,
          nicolae_shop_overgrown_old_shop, gammafunk_ghost_necromancy
D:9:      layout_loops_corners, grunt_temple_overflow_diamond, serial_shops,
          nicolae_shop_trees, shop, shop, uniq_erolcha
D:10:     minmay_evil_eye, layout_layer_cave, minmay_lair_entry_grove,
          uniq_gastronok, uniq_urug
D:11:     layout_stronghold, serial_column_ruins, column_ruins_hut_water,
          column_ruins_square_small, column_ruins_open_small,
          column_ruins_open_tiny, column_ruins_open_tiny,
          column_ruins_corridor_straight, column_ruins_open_large,
          column_ruins_grid_1
Temple:   bh_familiar_temple
Lair:1:   layout_cave_pods
Lair:2:   layout_chaotic_city, chequers_serial_rivers_small_3, st_stairs_5,
          zaba_anthell, infiniplex_staircase_pool
Lair:3:   layout_misc_corridors, nicolae_swamp_entry_splash_gauntlet,
          dummy_snake_entry, serial_bayou_pond_b, hangedman_lair_unloving_vines
Lair:4:   layout_long_grid, minmay_lindwurm_lava

Skill      XL: |  1  2  3  4  5  6  7  8  9 10 11 12 13 |
---------------+----------------------------------------+-----
Axes           | 2 3 4 5 6 7 |  7.8
Armour         | 3 4 5 6 7 9 10 | 10.0
Shields        | 3 4 5 6 8 9 |  9.0
Dodging        | 1 2 3 4 5 |  5.2
Fighting       | 4 5 6 7 8 9 10 | 10.8
Short Blades   | 4 7 9 10 11 | 11.7
Stealth        | 1 2 |  2.4
Invocations    | 1 3 |  3.5

Action                   |  1- 3 |  4- 6 |  7- 9 | 10-12 | 13-15 || total
-------------------------+-------+-------+-------+-------+-------++-------
Melee: War axe           |   148 |   186 |   139 |       |       ||   473
       Unarmed           |       |    22 |       |       |       ||    22
       Rapier            |       |       |   124 |   580 |   327 ||  1031
Invok: Heroism           |       |       |       |     9 |     1 ||    10
       Finesse           |       |       |       |     3 |       ||     3
  Use: Potion            |       |     1 |     1 |     4 |       ||     6
       Scroll            |       |       |       |    10 |     4 ||    14
 Stab: Sleeping          |       |       |       |     2 |       ||     2
  Eat: Chunk             |     3 |    19 |    12 |    29 |     9 ||    72
Armor: Scale mail        |    79 |   103 |     9 |       |       ||   191
       Skin              |       |     2 |       |       |       ||     2
       Chain mail        |       |       |   107 |   140 |       ||   247
       Leather armour    |       |       |       |    15 |       ||    15
       Fire dragon scale |       |       |       |    24 |    13 ||    37
       Crystal plate arm |       |       |       |       |    81 ||    81
Dodge: Dodged            |    49 |   147 |    81 |   192 |   115 ||   584
Block: Shield            |    85 |   154 |   133 |   193 |       ||   565
       Buckler           |       |       |       |    23 |    58 ||    81

Table legend:
 A = Non-vault XP
 B = Vault XP
 C = Vault XP percentage of total XP
 D = Non-vault monster count
 E = Vault monster count
 F = Vault count percentage of total count
                 A         B        C        D         E       F
            +---------+---------+-------+---------+---------+-------
      Total |   38072 |   18945 |  33.2 |     318 |     128 |  28.7
            +---------+---------+-------+---------+---------+-------
        D:1 |      22 |       7 |  24.1 |      13 |       4 |  23.5
        D:2 |      55 |       6 |   9.8 |      23 |       2 |   8.0
        D:3 |     158 |       0 |   0.0 |      21 |       0 |   0.0
        D:4 |     299 |     951 |  76.1 |      20 |      17 |  45.9
        D:5 |     623 |      91 |  12.7 |      12 |       1 |   7.7
        D:6 |     470 |       0 |   0.0 |       8 |       0 |   0.0
        D:7 |    2780 |     162 |   5.5 |      42 |      12 |  22.2
        D:8 |     910 |    6015 |  86.9 |      18 |      22 |  55.0
        D:9 |    2381 |    1304 |  35.4 |      24 |       3 |  11.1
       D:10 |    7942 |    5011 |  38.7 |      36 |      18 |  33.3
       D:11 |    6135 |       0 |   0.0 |      38 |       0 |   0.0
     Lair:1 |    1949 |       0 |   0.0 |      10 |       0 |   0.0
     Lair:2 |    3135 |    4544 |  59.2 |      12 |      44 |  78.6
     Lair:3 |    4310 |     854 |  16.5 |      16 |       5 |  23.8
     Lair:4 |    6903 |       0 |   0.0 |      25 |       0 |   0.0
            +---------+---------+-------+---------+---------+-------
